 Dungeon Crawl Stone Soup version 0.20.0-10-g0535bb4 (webtiles) character file.

199 doot the Poker (level 5, -3/42 HPs)
             Began as a Merfolk Abyssal Knight on June 5, 2017.
             Was a Believer of Lugonu.
             Killed by nerve-wracking pain
             ... invoked by an orc priest
              (9 damage)
             ... on level 3 of the Dungeon.
             The game lasted 00:06:06 (2422 turns).

doot the Poker (Merfolk Abyssal Knight)             Turns: 2422, Time: 00:06:06

Health: -3/42      AC:  5    Str: 15    XL:     5   Next: 77%
Magic:  6/6        EV: 15    Int: 11    God:    Lugonu [**....]
Gold:   163        SH:  0    Dex: 14    Spells: 4/4 levels left

rFire    . . .     SeeInvis .   a - +2 spear
rCold    . . .     Gourm    .   (no shield)
rNeg     . . .     Faith    .   b - +0 leather armour
rPois    .         Spirit   .   (no helmet)
rElec    +         Reflect  .   i - +1 cloak
rCorr    .         Harm     .   (no gloves)
MR       .....                  (no boots)
Stlth    +.........             (no amulet)
Regen    0.2/turn               k - +2 ring of strength
MPRegen  0.1/turn               (no ring)

@: drained
A: change form in water, swift swim, stealthy swim, repulsion field 1,
electricity resistance
a: Depart the Abyss, Bend Space, Renounce Religion


You were on level 3 of the Dungeon.
You worshipped Lugonu.
Lugonu was pleased with you.
You were hungry.

You visited 1 branch of the dungeon, and saw 3 of its levels.
You visited the Abyss 1 time.

You collected 163 gold pieces.

Inventory:

Hand Weapons
 a - a +2 spear (weapon)
Armour
 b - a +0 leather armour (worn)
 i - a +1 cloak (worn)
Jewellery
 k - a +2 ring of strength (left hand)
Scrolls
 d - 2 scrolls of remove curse
 q - a scroll of identify
Potions
 e - 2 potions of resistance
 g - a potion of flight
 j - a potion of lignification
 m - a potion of curing
Comestibles
 c - 3 bread rations
 f - a meat ration
 p - a royal jelly


   Skills:
 + Level 4.0(3.4) Fighting
 * Level 6.2(5.5) Polearms
 + Level 1.3(0.8) Armour
 * Level 4.2(3.6) Dodging
 + Level 0.5(0.0) Stealth
 + Level 2.1(1.5) Invocations


You had 4 spell levels left.
You didn't know any spells.

Dungeon Overview and Level Annotations

Branches:
Dungeon (3/15)

Altars:
Fedhas
Nemelex Xobeh


Innate Abilities, Weirdness & Mutations

You revert to your normal form in water.
You are very nimble and swift while swimming.
You are very stealthy in the water. (Stealth+)
You are surrounded by a mild repulsion field. (EV +2)
You are resistant to electric shocks. (rElec)


Message History

The orc wizard blinks!
The orc priest looks braver for a moment.
There is an open door here.
You close the door.
An orc opens the door.
You close the door.
An orc opens the door.
The orc priest mumbles some strange prayers to Beogh against you.
Beogh smites you!
* * * LOW HITPOINT WARNING * * *
The orc closely misses you.
Your magical contamination has completely faded away.
You hit the orc but do no damage. The orc hits you with a flail.
* * * LOW HITPOINT WARNING * * *
You puncture the orc!
You kill the orc!
Lugonu accepts your kill.
You hit the orc priest.
The orc priest is moderately wounded.
The orc priest calls down the wrath of Beogh upon you.
Pain shoots through your body!
You die...

########.####...###....#
#..........##...# #...>#
#..........##...# #...)#
#..........##...# #....#
#..........##...# #....#
#..........##...# #....#
#..........##...# ######
#..........##...# #
#..........##..@# #
#..........##..o################
########....'...g.ogg.......รท...
######...################ #####
#.... #.### #.#.. #.... ###.#


You could see an orc priest and a goblin.

Vanquished Creatures
  The ghost of MDvedh the Covert, an amateur SpAs (D:3)
  A jelly (D:3)
  An adder (D:2)
  An ooze (D:2)
  A worm (D:2)
  A leopard gecko (D:2)
  2 orcs (D:3)
  A ball python (D:1)
  A giant cockroach (D:3)
  5 goblins (D:1)
  5 hobgoblins
  4 jackals
  11 kobolds
  2 quokkas
  8 bats
  4 frilled lizards
  3 rats
52 creatures vanquished.

Vanquished Creatures (others)
  6 starspawn tentacles (Abyss:1)
6 creatures vanquished.

Grand Total: 58 creatures vanquished

Notes
Turn   | Place    | Note
-------+----------+-------------------------------------------
     0 | Abyss:1  | doot the Merfolk Abyssal Knight began the quest for the Orb.
     0 | Abyss:1  | Reached XP level 1. HP: 18/18 MP: 2/2
    64 | Abyss:1  | Noticed a tentacled starspawn
    70 | Abyss:1  | Noticed a lich
    98 | Abyss:1  | Noticed a neqoxec
   100 | D:1      | Escaped the Abyss
   198 | D:1      | Reached XP level 2. HP: 19/24 MP: 3/3
   432 | D:1      | Reached ** piety under Lugonu
   481 | D:1      | Reached skill level 1 in Armour
   535 | D:1      | Found a sparkling altar of Nemelex Xobeh.
   719 | D:1      | Reached XP level 3. HP: 26/29 MP: 4/4
   989 | D:2      | Reached skill level 4 in Polearms
  1506 | D:2      | Reached XP level 4. HP: 30/37 MP: 5/5
  1577 | D:3      | Found a blossoming altar of Fedhas.
  1746 | D:3      | HP: 1/37 [acid (2)]
  1765 | D:3      | Reached skill level 5 in Polearms
  2164 | D:3      | Noticed MDvedh's ghost (amateur SpAs)
  2185 | D:3      | Gained mutation: You are surrounded by a mild repulsion field. (EV +2) [potion of mutation]
  2185 | D:3      | Gained mutation: You are resistant to electric shocks. (rElec) [potion of mutation]
  2205 | D:3      | Killed MDvedh's ghost
  2205 | D:3      | Reached skill level 6 in Polearms
  2205 | D:3      | Reached XP level 5. HP: 42/42 MP: 6/6
  2394 | D:3      | HP: 2/42 [orc priest/divine providence (14)]
  2422 | D:3      | Killed from afar by an orc priest

Skill      XL: |  1  2  3  4 |
---------------+-------------+-----
Dodging        | 3 4 |  4.2
Armour         | 1 |  1.3
Polearms       | 4 6 |  6.2
Fighting       | 4 |  4.0
Stealth        | |  0.5
Invocations    | |  2.1

Action                   |  1- 3 |  4- 6 || total
-------------------------+-------+-------++-------
Melee: Spear             |   143 |   103 ||   246
  Use: Potion            |       |     7 ||     7
       Scroll            |       |     4 ||     4
 Stab: Sleeping          |     1 |       ||     1
  Eat: Chunk             |     1 |     3 ||     4
Armor: Leather armour    |    22 |    11 ||    33
       Skin              |       |    13 ||    13
Dodge: Dodged            |    58 |    68 ||   126
